 Dungeon Crawl Stone Soup version 0.30-a0-728-gc68057be0a (webtiles) character file.

Game seed: 10721905010239801314

4 sircluck the Chopper (level 1, -2/18 HPs)
             Began as a Hill Orc Reaver on Jan 31, 2023.
             Slain by a jackal (3 damage)
             ... on level 1 of the Dungeon.
             The game lasted 00:00:10 (51 turns).

sircluck the Chopper (Hill Orc Reaver)                Turns: 51, Time: 00:00:11

Health: -2/18      AC:  3    Str: 14    XL:     1   Next: 60%
Magic:  3/3        EV: 11    Int: 13    God:
Gold:   8          SH:  0    Dex:  9    Spells: 2/3 levels left

rFire   . . .      SeeInvis .    a - +0 hand axe
rCold   . . .      Faith    .    (no shield)
rNeg    . . .      Spirit   .    b - +0 leather armour
rPois   .          Reflect  .    (no helmet)
rElec   .          Harm     .    (no cloak)
rCorr   .          Rampage  .    (no gloves)
Will    .....                    (no boots)
Stlth   +                        (no amulet)
HPRegen 0.23/turn                (no ring)
MPRegen 0.08/turn                (no ring)

@: no status effects
A: no striking features
a: no special abilities


You were on level 1 of the Dungeon.
You visited 1 branch of the dungeon, and saw 1 of its levels.

You collected 8 gold pieces.

Inventory:

Hand Weapons
 a - a +0 hand axe (weapon)
Armour
 b - a +0 leather armour (worn)


   Skills:
 + Level 2.4 Fighting
 + Level 4.1 Axes
 + Level 1.6 Dodging
 + Level 1.6 Spellcasting
 + Level 3.0 Conjurations


You had 2 spell levels left.
You knew the following spells:

 Your Spells              Type           Power      Damage    Failure   Level
a - Kiss of Death         Conj/Necr      20%        2d7       19%         1

Your spell library contained the following spells:

 Spells                   Type           Power      Damage    Failure   Level
 Momentum Strike          Conj/Tloc      10%        3d8       26%         2
 Hailstorm                Conj/Ice       5%         3d4       47%         3


Dungeon Overview and Level Annotations

Branches:
Dungeon (1/15)

Altars:


Message History

Found a stone staircase leading down.
The jackal barks!
An endoplasm comes into view.
The jackal moves out of view.
A goblin comes into view. It is wielding a +0 club.
The goblin shouts!
The jackal barely misses you.
The jackal bites you but does no damage.
The jackal barely misses you.
You hit the jackal but do no damage. You hit the jackal.
The jackal barely misses you. x2
You hit the jackal.
You kill the jackal!
You closely miss the jackal. The jackal bites you. x2
The jackal bites you but does no damage.
The jackal closely misses you.
You see here a jackal corpse.
You hit the jackal.
The jackal is moderately wounded.
You hit the endoplasm. You barely miss the jackal. The jackal misses you.
The jackal bites you. The endoplasm barely misses you. The jackal bites you. x2
You barely miss the jackal. You hit the endoplasm.
You kill the endoplasm!
You barely miss the goblin. You closely miss the jackal.
The jackal bites you. x2
A ball python comes into view.
The goblin hits you with a +0 club.
You barely miss the goblin.
The ball python hisses angrily.
You hit the jackal.
You kill the jackal!
You hit the jackal but do no damage. The jackal barely misses you.
The goblin hits you with a +0 club. The jackal barely misses you.
You barely miss the goblin. You barely miss the jackal. The jackal misses you.
The goblin barely misses you. The jackal bites you.
* * * LOW HITPOINT WARNING * * *
The goblin hits you with a +0 club.
* * * LOW HITPOINT WARNING * * *
The jackal bites you.
You die...

##.....## #.....##.#
##.......###........#
#.........#........#####
#.........#.............
#.........#.............
#.........##............
#.........###..†#.......
##.............h†g.S....
#.......####...)@.#.....
#........><#......# .##
#.......####.........
#.........######.$....
#.........# .........
##.......## .##.#>.##
##.....## . ......
####### .. ###..#


You could see a jackal, a goblin and a ball python.

Vanquished Creatures
  An endoplasm (D:1)
  2 jackals (D:1)
3 creatures vanquished.

Notes
Turn   | Place    | Note
-------+----------+-------------------------------------------
     0 | D:1      | sircluck the Hill Orc Reaver began the quest for the Orb.
     0 | D:1      | Reached XP level 1. HP: 18/18 MP: 3/3
    51 | D:1      | Slain by a jackal

Illustrated notes

Levels and vault maps discovered:
D:1:      dpeg_arrival_tiny_k, layout_rooms,
          hellmonk_ecumenical_altar_slurped_away

Action                     || total
---------------------------++-------
  Melee: Hand axe          ||     6
 Armour: Leather armour    ||     2
  Dodge: Dodged            ||    11

Table legend: (Time is in decaauts)
 A = Elapsed time spent in this place.
 B = Non-inter-level travel time spent in this place.
 C = Inter-level travel time spent in this place.
 D = Time resting spent in this place.
 E = Time spent auto-exploring this place.
 F = Levels seen in this place.
 G = Mean time per level.
                   A        B        C        D        E       F      G
               +--------+--------+--------+--------+--------+-----+--------+
         Total |     51 |     51 |      0 |      0 |      0 |   1 |   51.0 |
       Dungeon |     51 |     51 |      0 |      0 |      0 |   1 |   51.0 |
               +--------+--------+--------+--------+--------+-----+--------+

Top non-repeatable levels by time:
     D:1: 51 daAuts
